[Event "*** SCC Grand Prix: Titled Tuesday Blitz"]
[Site "Chess.com"]
[Date "2020.09.08"]
[Round "5"]
[White "picturesquecheck"]
[Black "jamalm2"]
[Result "1-0"]
[WhiteElo "2148"]
[BlackElo "1913"]
[TimeControl "180+1"]
[EndTime "10:56:41 PDT"]
[Termination "picturesquecheck won on time"]

1. e4 c5 2. Nf3 d6 3. d4 cxd4 4.
Nxd4 Nf6 5. Nc3 Nc6 6. Bg5 e5 7.
Ndb5 a6 8. Na3 Be7 9. Nc4 b5 10. Bxf6 gxf6 11. Ne3 Nd4 12. Ncd5 f5 13. c3 f4 14.
cxd4 fxe3 15. Nxe3 exd4 16. Qxd4 O-O 17. Nd5 Be6 18. Bd3 Bxd5 19. exd5 f5 20. O-O Bf6 21. Qb4 Bg7 22. Rfe1 Qf6 23. Re2 Rae8 24. Rae1 Rxe2 25. Rxe2 f4 26. Qe4 Qh6 27. h3 Be5 28. Qf3 Kh8 29. Rc2 Qg7 30. Qg4 f3 31. Qxg7+ Bxg7 32. g3 Be5 33. Be4 Rf7 34. b3 Kg7 35. Rc8 h5 36.
h4 Rb7 37. Rc6 a5 38. Bxf3 a4 39. Bxh5 axb3 40. axb3 Ra7 41. Be2 Ra2 42. Bxb5 1-0

[Event "*** SCC Grand Prix: Titled Tuesday Blitz"]
[Site "Chess.com"]
[Date "2020.09.08"]
[Round "5"]
[White "exoticprincess"]
[Black "Hikaru"]
[Result "1-0"]
[WhiteElo "2893"]
[BlackElo "3194"]
[TimeControl "180+1"]
[EndTime "10:56:43 PDT"]
[Termination "exoticprincess won by resignation"]

1. d4 Nf6 2. c4 e6 3. Nc3 Bb4 4. e3 O-O 5. Ne2 c6 6. a3 Ba5 7.
b4 Bc7 8. e4 d6 9. Ng3 e5 10.
d5 a5 11. Rb1 axb4 12. axb4 Bb6 13. Be2 Bd4 14. Bd2 g6 15. O-O h5 16. Bf3 cxd5 17. exd5 Nh7 18. Nb5 Bb6 19. Ne4 Bc7 20. Nxc7 Qxc7 21.
c5 dxc5 22. bxc5 f5 23. Nd6 e4 24. Be2 Nd7 25. Nb5 Qxc5 26. Bb4 Qb6 27. Bxf8 Ndxf8 28. d6 Qc5 29. Qd4 Qxd4 30. Nxd4 Nf6 31. Rfc1 Ne8 32. Nb5 Rb8 33. h4 Bd7 34. Rd1 Rc8 35. Na7 Rb8 36.
Bb5 Kf7 37. Nc6 Bxc6 38. Bxc6 Nf6 39. Rxb7+ Rxb7 40. Bxb7 Ke6 41. Ba6 N6d7 42. Bc4+ Kf6 43. g3 Ke5 44. Kf1 Ne6 45. Bxe6 Kxe6 46. Ke2 Ne5 47.
Ke3 Nd3 48. f3 Nb2 49. Rd4 1-0

[Event "*** SCC Grand Prix: Titled Tuesday Blitz"]
[Site "Chess.com"]
[Date "2020.09.08"]
[Round "5"]
[White "LuckSlayeer"]
[Black "pavelalexandru07"]
[Result "1-0"]
[WhiteElo "2482"]
[BlackElo "2272"]
[TimeControl "180+1"]
[EndTime "10:56:43 PDT"]
[Termination "LuckSlayeer won by checkmate"]

1. e4 c5 2. Nf3 d6 3. Bb5+ Nd7 4. O-O a6 5. Bd3 Ngf6 6. c3 b5 7. Bc2 c4 8. d4 cxd3 9. Qxd3 Bb7 10. Nbd2 e6 11.
Qe2 Be7 12. a4 bxa4 13. Rxa4 O-O 14. Re1 Qc7 15. Nd4 Nc5 16. Ra1 Rac8 17. f4 Rfd8 18. e5 Nd5 19. N2f3 g6 20. h4 Nd7 21. h5 Nf8 22.
hxg6 hxg6 23. Qf2 Nb6 24. Qg3 dxe5 25. fxe5 Nc4 26. Rb1 Bc5 27. Kh1 Bd5 28. Bh6 Qb7 29. Qh4 Be7 30. Bg5 Bxg5 31. Qxg5 Bxf3 32. Nxf3 Qb5 33. Re4 Rd5 34. Rh4 Rcc5 35. Qh6 Nd7 36. Qh8# 1-0

[Event "*** SCC Grand Prix: Titled Tuesday Blitz"]
[Site "Chess.com"]
[Date "2020.09.08"]
[Round "5"]
[White "teacher4chess"]
[Black "korbul"]
[Result "0-1"]
[WhiteElo "2103"]
[BlackElo "2461"]
[TimeControl "180+1"]
[EndTime "10:56:43 PDT"]
[Termination "korbul won by checkmate"]

1. d4 Nf6 2. c4 e6 3. a3 c5 4. Nf3 d5 5. dxc5 Bxc5 6. b4 Bd6 7. e3 a5 8. c5 Be7 9. Bb2 O-O 10. Bd3 b6 11.
Qc2 bxc5 12. bxc5 Ba6 13. Nbd2 Bxd3 14. Qxd3 Bxc5 15. O-O Nbd7 16. Rac1 Qe7 17. Ne5 Nxe5 18. Bxe5 Rfc8 19. a4 Bb4 20. Nf3 Ne4 21. Nd4 Nc5 22. Qb1 Qd7 23. Rc2 Nxa4 24. Rfc1 Nc5 25. Nb3 Nxb3 26.
Qxb3 f6 27. Bg3 Bf8 28. Rxc8 Rxc8 29. Rb1 a4 30. Qa2 a3 31. h3 Qc6 32. Qb3 Qc4 33. Qb7 a2 34. Ra1 Qc1+ 35. Rxc1 Rxc1+ 36. Kh2 a1=Q 37. Qd7 Rh1# 0-1

[Event "*** SCC Grand Prix: Titled Tuesday Blitz"]
[Site "Chess.com"]
[Date "2020.09.08"]
[Round "5"]
[White "fighter2jz"]
[Black "M1711"]
[Result "1-0"]
[WhiteElo "2721"]
[BlackElo "2498"]
[TimeControl "180+1"]
[EndTime "10:56:45 PDT"]
[Termination "fighter2jz won on time"]

1. e4 e5 2. Nf3 Nc6 3. Bb5 a6 4. Ba4 g6 5. O-O Bg7 6. c3 d6 7. d4 Bd7 8. Re1 Nf6 9. h3 O-O 10. a3 Re8 11. Bc2 Nh5 12. b4 h6 13. Be3 Nf4 14. Bxf4 exf4 15. Nbd2 g5 16. Nh2 Ne7 17. Ndf3 Ng6 18. Qd3 c5 19. bxc5 dxc5 20. Rad1 cxd4 21. cxd4 Rc8 22. e5 Be6 23. Qd2 Qd5 24. Be4 Qd7 25.
d5 Bf5 26. Bxf5 Qxf5 27. d6 Rcd8 28. Qd5 Nxe5 29. Nxe5 Rxe5 30. Qxb7 Rxe1+ 31. Rxe1 Qd7 32. Qxa6 Qxd6 33. Qa5 Qd2 34. Re8+ Kh7 35. Qxd8 Qc1+ 36. Nf1 Qxa3 37. Qd5 Kg6 38. Qe4+ 1-0

[Event "*** SCC Grand Prix: Titled Tuesday Blitz"]
[Site "Chess.com"]
[Date "2020.09.08"]
[Round "5"]
[White "serhanberat_ozdemir"]
[Black "mmaks007"]
[Result "0-1"]
[WhiteElo "2460"]
[BlackElo "2262"]
[TimeControl "180+1"]
[EndTime "10:56:45 PDT"]
[Termination "mmaks007 won on time"]

1. e4 g6 2. d4 Bg7 3. Nc3 d6 4. Nf3 a6 5. Be3 b5 6. Bd3 Bb7 7. a4 b4 8. Ne2 Nf6 9. Ng3 Ng4 10. Bg5 h6 11. Bh4 Nf6 12. O-O g5 13. Nf5 Bf8 14. Bg3 e6 15. Ne3 Nxe4 16. Re1 Nxg3 17. hxg3 Bg7 18. c3 bxc3 19. bxc3 O-O 20. Rb1 Bc6 21. g4 Nd7 22. Bc2 Nf6 23. c4 Be4 24. Bxe4 Nxe4 25.
Qd3 Nf6 26. d5 Qd7 27. Nd4 e5 28. Ndf5 e4 29. Qc2 Nxg4 30. Nxg7 Nxe3 31. Rxe3 Kxg7 32.
Qxe4 Rae8 33. Qd4+ Kg8 34. Rh3 Kh7 35. Qd3+ f5 36.
Qd2 Qe7 0-1

[Event "*** SCC Grand Prix: Titled Tuesday Blitz"]
[Site "Chess.com"]
[Date "2020.09.08"]
[Round "5"]
[White "adiosabu"]
[Black "Pultis"]
[Result "1-0"]
[WhiteElo "2525"]
[BlackElo "2724"]
[TimeControl "180+1"]
[EndTime "10:56:46 PDT"]
[Termination "adiosabu won by resignation"]

1. d4 Nf6 2. Nf3 g6 3. g3 Bg7 4.
Bg2 O-O 5. O-O d5 6. c4 c6 7. cxd5 cxd5 8. Ne5 Nc6 9. Nc3 Ng4 10. Nxc6 bxc6 11. h3 Nf6 12. Na4 Ne4 13. Bf4 Qa5 14.
Rc1 Qb4 15. Be3 Ba6 16. a3 Qb5 17. Re1 f5 18. b4 Rad8 19. Nc5 Bc8 20. Qb3 Kh8 21.
Rc2 f4 22. gxf4 Nd6 23. Nd3 Bf5 24. a4 Qb6 25. Rd1 Nc4 26. Rxc4 dxc4 27. Qxc4 Qb8 28. Ne5 Qc8 29. Qxc6 Qxc6 30. Nxc6 Rd7 31. d5 a6 32. b5 axb5 33. axb5 Rd6 34. b6 Bc8 35. Rb1 Bb7 36.
Nxe7 Rd7 37. Bc5 Rc8 38. Nxc8 Bxc8 39. d6 Bf8 40. b7 Bxb7 41. Rxb7 Bxd6 42. Rxd7 Bxc5 43.
e3 Bb4 44. Bd5 Ba3 45. Kg2 Bc1 46. Rd8+ 1-0

[Event "*** SCC Grand Prix: Titled Tuesday Blitz"]
[Site "Chess.com"]
[Date "2020.09.08"]
[Round "5"]
[White "Mikheev1976"]
[Black "vovachesss"]
[Result "1-0"]
[WhiteElo "2411"]
[BlackElo "2670"]
[TimeControl "180+1"]
[EndTime "10:56:46 PDT"]
[Termination "Mikheev1976 won on time"]

1. d4 Nf6 2. c4 c6 3. Nf3 d5 4.
cxd5 cxd5 5. Nc3 Nc6 6. Bf4 e6 7. e3 Bd6 8. Bxd6 Qxd6 9. Bd3 O-O 10. O-O e5 11. dxe5 Nxe5 12. Nxe5 Qxe5 13. Qf3 Be6 14.
Qg3 Qh5 15. Ne2 Ne4 16. Qf4 Nc5 17. Qd4 Rac8 18. Rac1 Nxd3 19. Qxd3 Rc4 20. b3 Rh4 21. h3 Qg5 22. Ng3 a5 23. Rc7 b6 24. Rfc1 a4 25. Qc3 h6 26. bxa4 Rxa4 27. a3 h5 28. Kf1 Rd8 29.
Ne2 Bf5 30. Nd4 Be4 31. f3 Bf5 32. Rb7 Re8 33. Kf2 Bg6 34. Re1 h4 35. Qc6 Rf8 36. Qxa4 Qg3+ 37. Kf1 Bd3+ 38. Ne2 Rc8 39. Qf4 1-0

[Event "*** SCC Grand Prix: Titled Tuesday Blitz"]
[Site "Chess.com"]
[Date "2020.09.08"]
[Round "5"]
[White "Karina_Ivanova"]
[Black "lider34"]
[Result "0-1"]
[WhiteElo "2252"]
[BlackElo "2407"]
[TimeControl "180+1"]
[EndTime "10:56:46 PDT"]
[Termination "lider34 won by resignation"]

1. Nf3 g6 2. g3 Bg7 3. Bg2 c5 4. O-O Nc6 5. c3 d6 6. d4 cxd4 7. cxd4 Nf6 8. Nc3 O-O 9. e4 Bg4 10. h3 Bxf3 11. Bxf3 Nd7 12. Be3 e5 13. d5 Nd4 14.
Be2 a6 15. Rc1 Rc8 16. Qd2 Qa5 17. Rfd1 Nc5 18. Kg2 Qb4 19. a3 Qb6 20. Bc4 Qd8 21. Qe1 b5 22. Be2 f5 23. f3 Qf6 24. g4 fxe4 25.
fxe4 Qe7 26. Qg3 Nxe2 27. Nxe2 Nxe4 28. Qe1 Qb7 29. Rxc8 Rxc8 30. Kf3 Nf6 31. Qd2 Rf8 32. Kg2 h5 33. gxh5 Nxh5 34. Rf1 Rxf1 35. Kxf1 Nf6 36.
Nc3 Kf7 37. Qd3 Bf8 38. Ke2 Qd7 39. Bg5 Qf5 40. Qf3 Qxg5 0-1

[Event "*** SCC Grand Prix: Titled Tuesday Blitz"]
[Site "Chess.com"]
[Date "2020.09.08"]
[Round "5"]
[White "Tekushka"]
[Black "Roaccutane"]
[Result "1-0"]
[WhiteElo "2427"]
[BlackElo "2593"]
[TimeControl "180+1"]
[EndTime "10:56:48 PDT"]
[Termination "Tekushka won on time"]

1. e4 d6 2. d4 Nf6 3. Nc3 g6 4. Be3 c6 5. Qd2 b5 6. Bd3 Qc7 7. h3 Nbd7 8. Nf3 Bg7 9. a4 b4 10. Ne2 a5 11. c3 c5 12. Ng3 Bb7 13. d5 c4 14. Be2 Nc5 15. Bxc5 Qxc5 16. O-O O-O 17.
Rfc1 b3 18. Re1 Nd7 19. Nd4 Rac8 20. Bf1 Nb6 21. h4 h5 22. f4 Bxd4+ 23. cxd4 c3 24. Qf2 Qb4 25. bxc3 Rxc3 26. f5 b2 27. Rab1 Nxa4 28. Ne2 Rc2 29. Qg3 Kg7 30. Nf4 Qxd4+ 31. Kh1 Rh8 32. fxg6 Qf6 33. gxf7+ Kxf7 34. Bd3 Rc3 35.
Rf1 Ke8 36. Ne6 Qe5 37. Bb5+ Bc6 38. Qxe5 dxe5 39. dxc6 1-0

[Event "*** SCC Grand Prix: Titled Tuesday Blitz"]
[Site "Chess.com"]
[Date "2020.09.08"]
[Round "5"]
[White "GianmarcoVaR"]
[Black "Chessmatus"]
[Result "1-0"]
[WhiteElo "2563"]
[BlackElo "2391"]
[TimeControl "180+1"]
[EndTime "10:56:48 PDT"]
[Termination "GianmarcoVaR won on time"]

1. d4 Nf6 2. c4 g6 3. Nf3 Bg7 4. g3 O-O 5. Bg2 d5 6. cxd5 Nxd5 7. O-O Nc6 8. Nc3 Nb6 9. d5 Na5 10. Qc2 c6 11. dxc6 Nxc6 12. Rd1 Qe8 13. Be3 Bf5 14.
Qc1 Rd8 15. Bxb6 axb6 16. Qe3 Bc2 17. Rdc1 Nd4 18. Nxd4 Bxd4 19. Qf4 Bf5 20. Bxb7 e5 21. Qf3 e4 22. Bxe4 Bxc3 23. Bc6 Qe5 24. Rxc3 Rd2 25. Qe3 Qxe3 26. Rxe3 Rxb2 27. Bd5 Rd8 28. Bb3 Rd7 29. f3 Bc2 30. Kf2 Rd2 31. Rc1 Bd3 32. Rc8+ Kg7 33.
Rce8 Kf6 34. R8e7 Kg5 35. Bxf7 b5 36. h4+ Kh6 37. Bg8 g5 38. R3e6+ 1-0

[Event "*** SCC Grand Prix: Titled Tuesday Blitz"]
[Site "Chess.com"]
[Date "2020.09.08"]
[Round "5"]
[White "Jenia84"]
[Black "Caterpiller35"]
[Result "0-1"]
[WhiteElo "2309"]
[BlackElo "2467"]
[TimeControl "180+1"]
[EndTime "10:56:48 PDT"]
[Termination "Caterpiller35 won on time"]

1. Nf3 Nf6 2. b3 d6 3. Bb2 g6 4. d3 Bg7 5. e4 O-O 6. Nbd2 c5 7. g3 Nc6 8. Bg2 e5 9. O-O Nh5 10. Nc4 f5 11. exf5 Bxf5 12. Nh4 Be6 13. Ne3 Qd7 14. Nd5 Rf7 15. Qe2 Raf8 16. Rae1 Bg4 17. f3 Be6 18. f4 exf4 19. Qxe6 Qxe6 20. Rxe6 Bxb2 21. g4 Nf6 22. Rxf4 Bd4+ 23. Kh1 Nxd5 24. Rxf7 Rxf7 25. Bxd5 Rf1+ 26. Kg2 Rf2+ 27. Kh3 Nb4 28. Re8+ Kg7 29. Bc4 d5 30. Bb5 Rxc2 31. Re7+ Kf8 32.
Rxb7 a6 33. Bd7 Nxd3 34. Nf3 Nf4+ 35. Kg3 g5 36. Nxd4 cxd4 0-1

[Event "*** SCC Grand Prix: Titled Tuesday Blitz"]
[Site "Chess.com"]
[Date "2020.09.08"]
[Round "5"]
[White "Pertinhez76"]
[Black "kasparicy"]
[Result "0-1"]
[WhiteElo "2086"]
[BlackElo "2324"]
[TimeControl "180+1"]
[EndTime "10:56:48 PDT"]
[Termination "kasparicy won by resignation"]

1. e4 c5 2. Nf3 d6 3. d4 cxd4 4. Nxd4 Nf6 5. Nc3 a6 6. Be3 e6 7.
h3 b5 8. a3 Bb7 9. Bd3 Nbd7 10. Qe2 d5 11. exd5 Nxd5 12. Nxd5 Bxd5 13. O-O-O Be7 14.
Kb1 O-O 15. Rhg1 Rc8 16. f4 Nc5 17. f5 b4 18. axb4 Nxd3 19. Qxd3 Bxb4 20. fxe6 fxe6 21. Nb3 Qc7 22. Bd4 Bc4 23. Qe3 Qc6 24. Qe5 Rc7 25. Nc1 Rf5 26. Qg3 Bd6 27. Qc3 Rb5 28. b3 Bd5 29. Qxc6 Rxc6 30. Kb2 a5 31. Rge1 a4 32. Re3 a3+ 33. Kb1 Bf4 34. Red3 Be4 35. Rc3 Rxc3 36.
Bxc3 Bxc1 37. Rxc1 Rxb3+ 38. Ka2 Rxc3 39. Re1 Bxc2 40.
Rxe6 Bb3+ 41. Kxa3 Bxe6+ 0-1

[Event "*** SCC Grand Prix: Titled Tuesday Blitz"]
[Site "Chess.com"]
[Date "2020.09.08"]
[Round "5"]
[White "Aborigen_came"]
[Black "bratkoo"]
[Result "0-1"]
[WhiteElo "2696"]
[BlackElo "2499"]
[TimeControl "180+1"]
[EndTime "10:56:49 PDT"]
[Termination "bratkoo won by resignation"]

1. Nc3 d5 2. e4 d4 3. Nce2 e5 4. Ng3 Nf6 5. Bc4 Be6 6. b3 Bxc4 7. bxc4 d3 8. Nf3 Nc6 9. O-O Bc5 10. Bb2 O-O 11. Nxe5 Nxe5 12. Bxe5 dxc2 13. Qxc2 Ng4 14. d4 Bxd4 15. Bxd4 Qxd4 16. Rad1 Qc5 17. Rd5 Qc6 18. Nf5 Rae8 19. f3 Ne5 20. c5 g6 21. Nd4 Qa6 22. Rd1 c6 23. Rd6 Nc4 24. Qd3 Qa4 25. Qb3 Qxb3 26.
Nxb3 Nxd6 27. cxd6 Rd8 28. e5 Rfe8 29. f4 f6 30. Nc5 b6 31. Nd3 Kf7 32. Kf2 c5 33.
Rc1 Ke6 34. Ke3 fxe5 35. fxe5 Kd5 36. Rd1 Rxd6 37. Nf4+ Kxe5 38. Rf1 c4 39. Kf3 Rf8 40. Re1+ Kd4 41. Rd1+ Kc5 42. Re1 0-1

[Event "*** SCC Grand Prix: Titled Tuesday Blitz"]
[Site "Chess.com"]
[Date "2020.09.08"]
[Round "5"]
[White "iLuusions"]
[Black "dachessmandan"]
[Result "0-1"]
[WhiteElo "2559"]
[BlackElo "2414"]
[TimeControl "180+1"]
[EndTime "10:56:49 PDT"]
[Termination "dachessmandan won on time"]

1. Nf3 Nf6 2. c4 e6 3. e3 d5 4. b3 Be7 5. Bb2 O-O 6. g3 b6 7. Bg2 Bb7 8. O-O dxc4 9. bxc4 c5 10. Qe2 Qc7 11. Nc3 Nc6 12. Nh4 Rad8 13. d3 Nb4 14. Rad1 Bxg2 15. Nxg2 Rd7 16. f4 Rfd8 17. Ne1 a6 18. g4 h6 19. g5 hxg5 20. fxg5 Nh7 21.
Ne4 Bxg5 22. Nxg5 Nxg5 23. Qg4 f6 24. h4 Nh7 25. Bxf6 Nxf6 26. Rxf6 Rf7 27. Rg6 Qe5 28. Qxe6 Qb2 29. Rg2 Qc3 30. Nf3 Kf8 31. Ng5 Rdd7 32. Nxf7 Rxf7 33. Qc8+ Ke7 34. Qc7+ Ke8 35. Qxb6 Qe5 36. Re1 Nxd3 37. Ree2 Qe4 38. Qb8+ Ke7 39. Qg3 Ne5 40. Qg5+ Ke6 41. Qg6+ Nxg6 42. Rg5 Ne5 0-1

[Event "*** SCC Grand Prix: Titled Tuesday Blitz"]
[Site "Chess.com"]
[Date "2020.09.08"]
[Round "5"]
[White "GMHess"]
[Black "Yaacovn"]
[Result "1-0"]
[WhiteElo "2767"]
[BlackElo "2907"]
[TimeControl "180+1"]
[EndTime "10:56:50 PDT"]
[Termination "GMHess won on time"]

1. d4 Nf6 2. c4 e5 3. dxe5 Ne4 4. Nf3 Nc6 5. Qc2 Bb4+ 6. Nbd2 d5 7. a3 Bxd2+ 8.
Bxd2 Bf5 9. Rd1 Ng3 10. Qa4 Nxh1 11. Bg5 Qd7 12. cxd5 Nxe5 13. Qxd7+ Nxd7 14. g3 Nc5 15. Nd4 Bd7 16. Bg2 Nxf2 17. Kxf2 f6 18. Bf4 Rc8 19. Rc1 Na6 20. b4 b6 21. e4 g5 22. Bd2 Nb8 23. h4 h6 24. b5 Kf7 25. a4 a5 26.
Bf3 Kg6 27. h5+ Kf7 28. g4 Rhe8 29. Ke3 Kg7 30. Be1 Re7 31. Bg3 Rce8 32. Rxc7 Rf7 33. Kd3 f5 34. gxf5 Rfe7 35. Ne6+ Bxe6 36. fxe6 Rxc7 37.
Bxc7 Kf6 38. e5+ Kf5 39. Be4+ Kf4 40. Bg6 Re7 41. Bd6 Rb7 42. e7 1-0

[Event "*** SCC Grand Prix: Titled Tuesday Blitz"]
[Site "Chess.com"]
[Date "2020.09.08"]
[Round "5"]
[White "anon569"]
[Black "Makswolf200817"]
[Result "0-1"]
[WhiteElo "2245"]
[BlackElo "2416"]
[TimeControl "180+1"]
[EndTime "10:56:50 PDT"]
[Termination "Makswolf200817 won on time"]

1. e4 e6 2. Nf3 d5 3. Nc3 Nf6 4.
e5 Nfd7 5. d4 c5 6. dxc5 Nc6 7.
Bf4 Bxc5 8. Bd3 h6 9. h3 O-O 10. O-O f6 11. exf6 Qxf6 12. Bg3 Nde5 13. Nxe5 Nxe5 14. Qe2 Nc6 15. Na4 Be7 16. c4 Nd4 17.
Qe1 dxc4 18. Bxc4 Nc2 19. Qe4 Nxa1 20. Bd3 Bd7 21. Be5 Qf5 22. Qd4 Qg5 23. f4 Qh4 24. Qxd7 Qg3 25. Qxe7 Rf7 26. Qxe6 Qxd3 27. Rxa1 Rd8 28.
Nc3 Qc2 29. Kh1 Rd2 30. Qe8+ Rf8 31. Qe6+ Kh7 32. Qg4 Rg8 33. Rf1 Qg6 34. Qf3 Rxb2 35. f5 Qe8 36. Bd4 Rd2 37. Qf4 Qd7 38. Be5 Rd3 39.
Ne4 Re8 40. f6 Qe6 41. f7 Rf8 42. Qh4 Qxe5 0-1

[Event "*** SCC Grand Prix: Titled Tuesday Blitz"]
[Site "Chess.com"]
[Date "2020.09.08"]
[Round "5"]
[White "KetiGrant"]
[Black "beto-betun"]
[Result "1-0"]
[WhiteElo "2340"]
[BlackElo "2122"]
[TimeControl "180+1"]
[EndTime "10:56:50 PDT"]
[Termination "KetiGrant won on time"]

1. e4 c5 2. Nf3 d6 3. d4 cxd4 4. Nxd4 Nf6 5. Nc3 a6 6. Be3 e5 7. Nb3 Be6 8. f3 Be7 9. Qd2 O-O 10. O-O-O Nbd7 11. g4 b5 12. g5 Nh5 13. Rg1 Rc8 14. Kb1 Qc7 15. Nd5 Bxd5 16. exd5 Nb6 17. Bxb6 Qxb6 18. Bh3 Rc7 19. Na5 g6 20. Nc6 Nf4 21.
Bf1 Qxg1 22. Bxb5 Qb6 23. Ba4 Bxg5 24. Bb3 Kg7 25. Qe1 Ng2 26. Qg3 Ne3 27. Rg1 Bf4 28.
Qf2 Rxc6 29. dxc6 Qxc6 30. Qh4 Qxf3 31. Qe7 Qa8 32. h4 Qd8 33. Qb7 Qc8 34. Qb6 d5 35. h5 Qd8 36. Qxa6 Re8 37. hxg6 hxg6 38. a4 d4 39. Bxf7 Kxf7 40. Qxg6+ Ke7 41. Qh7+ Kd6 42. Rg6+ Re6 43. Rg8 Qc7 44. Qh8 Qxc2+ 45. Ka2 Qc4+ 46. Ka3 Qc5+ 47. Ka2 Kd5 48. Rd8+ Ke4 49. Qh1+ Kf5 50.
Qh5+ Ke4 51. Qh1+ Kd3 52. Qb1+ Kc4 53. Qc1+ Kb4 54. Rb8+ Kxa4 55. Qxc5 1-0

[Event "*** SCC Grand Prix: Titled Tuesday Blitz"]
[Site "Chess.com"]
[Date "2020.09.08"]
[Round "5"]
[White "Mazetovic"]
[Black "BogdanDeac"]
[Result "0-1"]
[WhiteElo "2636"]
[BlackElo "2924"]
[TimeControl "180+1"]
[EndTime "10:56:51 PDT"]
[Termination "BogdanDeac won by resignation"]

1. e4 e5 2. Nf3 Nc6 3. Bb5 a6 4. Ba4 Nf6 5. Nc3 Bc5 6. Bxc6 dxc6 7. d3 Nd7 8. Be3 Bd6 9. d4 Qe7 10. Qe2 f6 11. O-O-O b5 12. Nh4 g6 13. Nf3 O-O 14.
h4 exd4 15. Nxd4 c5 16. Nc6 Qe6 17. Nd5 Bb7 18. Na5 Bxd5 19. exd5 Qe4 20. Kb1 Rae8 21. Qd3 Qxg2 22. Rdg1 Qe4 23. Qd1 Nb6 24. Nb7 Re5 25.
Nxd6 cxd6 26. Rg4 Qxd5 27. Qg1 Kf7 28. h5 Rxh5 29. Rxh5 Qxh5 30. Rg2 Qe5 31. Rh2 h5 32. Bc1 Re8 33. Qh1 Qd5 34. Qg1 Re2 35. Rh3 Qf5 36. Rd3 d5 37. f3 d4 38. Qg3 c4 39. Rd2 Rxd2 40. Bxd2 Qe5 41. Qg2 Nd5 42. b3 c3 43.
Bc1 Nf4 44. Qg1 Ne2 45. Qf2 Nxc1 0-1

[Event "*** SCC Grand Prix: Titled Tuesday Blitz"]
[Site "Chess.com"]
[Date "2020.09.08"]
[Round "5"]
[White "Ginger_GM"]
[Black "kirillshevchenko"]
[Result "0-1"]
[WhiteElo "2607"]
[BlackElo "2851"]
[TimeControl "180+1"]
[EndTime "10:56:51 PDT"]
[Termination "kirillshevchenko won on time"]

1. d4 Nf6 2. c4 g6 3. Nc3 Bg7 4. e4 d6 5. f4 O-O 6. Nf3 c5 7. d5 b5 8. cxb5 a6 9. b6 Nbd7 10. Be2 Nxb6 11. O-O a5 12. Qe1 e6 13. dxe6 fxe6 14.
Ng5 h6 15. Nf3 d5 16. e5 Ne4 17. Bd3 Nxc3 18. bxc3 Ba6 19. Bxa6 Rxa6 20. Qg3 Qe8 21. Be3 Na4 22. Rab1 Nxc3 23. Rb2 Rb6 24. Rc2 Ne4 25. Qe1 Qa4 26. Rxc5 Rb2 27. Rc7 Qxa2 28. g3 Re2 29.
Qc1 Rg2+ 30. Kh1 Rxh2+ 31. Nxh2 Nxg3+ 32. Kg1 Ne2+ 33. Kh1 Nxc1 34. Rfxc1 Qe2 35. Nf1 d4 36. Bd2 Qe4+ 37. Kg1 Rf7 38. R7c6 g5 39. Rxe6 gxf4 40. Re8+ Kh7 41. e6 Rf6 42. Kh2 Rg6 0-1

[Event "*** SCC Grand Prix: Titled Tuesday Blitz"]
[Site "Chess.com"]
[Date "2020.09.08"]
[Round "5"]
[White "geordie_derraugh"]
[Black "SophieNikoladze"]
[Result "0-1"]
[WhiteElo "2385"]
[BlackElo "2250"]
[TimeControl "180+1"]
[EndTime "10:56:51 PDT"]
[Termination "SophieNikoladze won on time"]

1. e4 d6 2. d4 Nf6 3. Nc3 e5 4. Nf3 exd4 5. Nxd4 Be7 6. Be2 O-O 7. O-O a6 8. a4 c5 9. Nb3 Nc6 10. f4 Be6 11. Be3 Nb4 12. Bf3 Bc4 13. Re1 Qc7 14. f5 d5 15. Nxd5 Nbxd5 16. exd5 Rfd8 17. Nd2 Bxd5 18. Qe2 Bd6 19. g3 Re8 20. Qf2 Bxf3 21. Qxf3 Rad8 22. Nc4 Bf8 23. Bf4 Qd7 24. Red1 Qc8 25.
Nb6 Qxf5 26. Rxd8 Rxd8 27. Qxb7 Qxc2 28. Qg2 Rd1+ 29. Rxd1 Qxd1+ 30. Qf1 Qd4+ 31. Qf2 Qb4 32. Nc8 Ng4 33. Qf3 Qd4+ 34. Kg2 Qxb2+ 35. Kh3 Nf2+ 36. Kg2 Nd3+ 37. Kh3 Nxf4+ 38. Qxf4 Qb7 39. Qg4 h5 40. Qf5 g6 0-1

[Event "*** SCC Grand Prix: Titled Tuesday Blitz"]
[Site "Chess.com"]
[Date "2020.09.08"]
[Round "5"]
[White "MarceloPlaya"]
[Black "winniethepooh04"]
[Result "0-1"]
[WhiteElo "2343"]
[BlackElo "2222"]
[TimeControl "180+1"]
[EndTime "10:56:51 PDT"]
[Termination "winniethepooh04 won by checkmate"]

1. e4 c5 2. Nf3 d6 3. d4 cxd4 4. Nxd4 Nf6 5. Nc3 a6 6. Bg5 e6 7.
f4 Be7 8. Qf3 Qc7 9. O-O-O Nc6 10. Kb1 Nxd4 11. Rxd4 O-O 12. g4 b5 13. h4 Bb7 14. Bxf6 Bxf6 15. Rd3 b4 16. Nd1 Rac8 17. Rh2 d5 18. e5 Be7 19. g5 d4 20. Qe2 a5 21.
Rxd4 Bc5 22. Rd2 Rfd8 23. h5 Rxd2 24. Qxd2 Rd8 25. Bd3 Bf3 26. g6 hxg6 27. hxg6 Bxd1 28.
gxf7+ Kxf7 29. Qxd1 Be3 30. f5 Qxe5 31. fxe6+ Ke7 32. Re2 Qf4 33. Qe1 Bc5 34. Re4 Qf2 35.
Qd1 Qf6 36. Qe1 a4 37. a3 bxa3 38. c3 axb2 39. Rxa4 Rb8 40. Bc4 Rb7 41. Ra5 Qf5+ 42. Ka2 b1=Q+ 43. Qxb1 Qxb1# 0-1

[Event "*** SCC Grand Prix: Titled Tuesday Blitz"]
[Site "Chess.com"]
[Date "2020.09.08"]
[Round "5"]
[White "KuzubovYuriy"]
[Black "Evgeny81"]
[Result "1-0"]
[WhiteElo "2903"]
[BlackElo "2664"]
[TimeControl "180+1"]
[EndTime "10:56:52 PDT"]
[Termination "KuzubovYuriy won by checkmate"]

1. d4 d5 2. c4 c6 3. Nf3 Nf6 4. Nc3 a6 5. Qc2 g6 6. Bg5 dxc4 7. a4 Bg7 8. e4 Bg4 9. Rd1 Bxf3 10.
gxf3 b5 11. Bg2 O-O 12. O-O Nbd7 13. f4 Nh5 14. Ne2 Rc8 15. e5 Nb6 16. Bf3 Qd7 17.
f5 Nd5 18. Bxh5 gxh5 19. Ng3 f6 20. e6 Qe8 21. Bc1 h4 22. Qe2 hxg3 23. hxg3 c5 24. Kg2 Qc6 25. f3 cxd4 26. Rxd4 Nb4 27. Rg4 Kh8 28.
Rh1 Qd5 29. Qe4 Qxe4 30. fxe4 Nd3 31. Be3 Rfd8 32. Rgh4 Nxb2 33. Rxh7+ Kg8 34. R7h4 c3 35. Bh6 Rd2+ 36. Kf3 Nc4 37. Bxg7 Ne5+ 38. Kf4 Rf2+ 39. Ke3 Rf3+ 40. Ke2 Rxg3 41. Rh8+ Kxg7 42. R1h7# 1-0

[Event "*** SCC Grand Prix: Titled Tuesday Blitz"]
[Site "Chess.com"]
[Date "2020.09.08"]
[Round "5"]
[White "kinga2008"]
[Black "Nayemhaque22"]
[Result "0-1"]
[WhiteElo "2137"]
[BlackElo "2338"]
[TimeControl "180+1"]
[EndTime "10:56:52 PDT"]
[Termination "Nayemhaque22 won by checkmate"]

1. d4 Nf6 2. c4 g6 3. Nc3 Bg7 4. e4 O-O 5. f4 d6 6. Nf3 c5 7. d5 e6 8. dxe6 Bxe6 9. Bd3 Nc6 10. f5 Bd7 11. O-O Ng4 12. Nd5 Re8 13. Bg5 f6 14. h3 Nge5 15. Nxe5 dxe5 16. Bxf6 Bxf6 17. fxg6 Bg7 18. gxh7+ Kh8 19. Qh5 Re6 20. Rf7 Rh6 21. Qf3 Nd4 22. Qg3 Rxh7 23. Raf1 Be6 24. Rxb7 Bxd5 25. exd5 e4 26. Rff7 Nf5 27. Rxf5 exd3 28.
Rff7 Qg8 29. Rfe7 d2 30. Qd3 Bd4+ 31. Kh1 Rxe7 32. Rxe7 Rf8 33. Qxd2 Rf1+ 34. Kh2 Bg1+ 35. Kh1 Bf2+ 36. Kh2 Qg3# 0-1

[Event "*** SCC Grand Prix: Titled Tuesday Blitz"]
[Site "Chess.com"]
[Date "2020.09.08"]
[Round "5"]
[White "DenLaz"]
[Black "Annawel"]
[Result "1-0"]
[WhiteElo "2760"]
[BlackElo "2932"]
[TimeControl "180+1"]
[EndTime "10:56:53 PDT"]
[Termination "DenLaz won on time"]

1. d4 f5 2. Nf3 Nf6 3. g3 g6 4.
Bg2 Bg7 5. O-O O-O 6. b3 d6 7.
Bb2 a5 8. c4 a4 9. Na3 c6 10. b4 Nbd7 11. Rc1 Ne4 12. Nd2 Ndf6 13. f3 Nxd2 14. Qxd2 Qc7 15. e4 fxe4 16. fxe4 e5 17. d5 cxd5 18. exd5 Bf5 19. c5 Ng4 20. Nc4 a3 21.
Ba1 Bh6 22. Qe2 Bxc1 23. Rxc1 dxc5 24. h3 Nf6 25. Bxe5 Qe7 26. d6 Qe6 27. bxc5 Rae8 28.
g4 Nd7 29. gxf5 Rxf5 30. Rd1 Nxe5 31. Bd5 Nf3+ 32. Kh1 Rxd5 33. Qxe6+ Rxe6 34. Rxd5 Re8 35. d7 Rd8 36. Na5 Kf7 37. Nxb7 1-0